Map: Pillars of Gold LE

Players

Silky

  • Race: Zerg Zerg
  • Spawn Location: 7:00

DisK - Winner!

  • Race: Protoss Protoss
  • League: Master
  • Spawn Location: 1:00

Event: DreamHack SC2 Masters 2020 Summer North America

VOD

Have the link to the VOD?

Description

Time

  • Played on: July 5, 2020, 2:42 p.m.
  • Length: 7:32

All games in this series

Show
View Real Time Build Order
Export as new Build Order

Silky Zerg 

Build Orders: Hatch First 

Get SALT Encoding   

  12  0:00  Drone  
  13  0:13  Overlord  
  13  0:17  Drone  
  14  0:31  Drone x2  
  16  0:50  Hatchery  
  16  0:53  Drone  
  17  0:57  Drone  
  17  1:00  Drone  
  18  1:11  Extractor  
  18  1:15  Spawning Pool  
  16  1:18  Drone  
  16  1:23  Drone  
  18  2:03  Zergling x4  
  18  2:04  Zergling x4, Spine Crawler  
  20  2:14  Zergling x2  
  16  2:33  Drone x2  
  17  2:37  Queen  
  18  2:46  Drone  
  18  2:48  Drone  
  21  2:51  Drone  
  21  3:02  Queen  
  23  3:09  Overlord  
  23  3:11  Drone  
  24  3:16  Drone  
  24  3:18  Drone  
  24  3:19  Drone  
  27  3:28  Drone x2  
  29  3:42  Hatchery  
  29  3:43  Drone  
  30  3:48  Drone x2  
  30  3:53  Spore Crawler  
  30  3:55  Drone  
  31  3:59  Drone  
  32  4:05  Overlord  
  32  4:07  Spore Crawler  
  31  4:13  Queen  
  31  4:16  Drone  
  34  4:20  Drone  
  35  4:24  Metabolic Boost  
  35  4:27  Drone  
  35  4:28  Drone  
  37  4:34  Drone x3  
  40  4:39  Overlord  
  40  4:43  Drone x2  
  42  4:47  Drone  
  43  4:53  Queen  
  43  4:58  Queen  
  43  4:59  Drone  
  48  5:04  Drone x3  
  51  5:10  Zergling x6  
  51  5:11  Zergling x2  
  55  5:16  Roach Warren  
  55  5:18  Zergling x2  
  55  5:20  Zergling x2  
  56  5:22  Spore Crawler  
  56  5:24  Zergling x2  
  56  5:25  Zergling x2  
  57  5:31  Overlord  
  58  5:38  Overlord  
  58  5:39  Overlord  
  58  5:48  Spine Crawler  
  58  5:49  Overlord, Spine Crawler  
  56  5:56  Roach x5  
  65  5:59  Roach x2, Zergling x2  
  65  6:03  Roach  
  72  6:08  Zergling x8  
  72  6:20  Overlord  
  72  6:23  Zergling x4, Spine Crawler  
  72  6:24  Zergling x10  
  75  6:31  Zergling x4  
  69  6:36  Zergling x2  
  66  6:43  Zergling x4  
  60  6:47  Zergling x2  
  60  6:50  Queen x3  
  58  6:54  Zergling x2  
  58  6:55  Roach  
  58  6:56  Roach  
  61  7:06  Roach, Zergling x2  
  59  7:10  Roach  
  59  7:11  Ravager x2  
Show
View Real Time Build Order
Export as new Build Order

DisK Protoss - Winner!

Build Orders:  

Get SALT Encoding   

  12  0:00  Probe  
  13  0:12  Probe  
  14  0:19  Pylon  
  14  0:24  Probe  
  15  0:34  Probe  
  15  0:40  Gateway  
  15  0:42  Probe  
  16  0:47  Assimilator  
  17  0:52  Probe  
  18  1:04  Probe  
  19  1:05  Forge  
  19  1:16  Probe  
  20  1:28  Pylon  
  20  1:31  Pylon  
  20  1:33  Pylon  
  20  1:46  Photon Cannon  
  20  1:56  Photon Cannon  
  20  2:05  Cybernetics Core  
  20  2:14  Pylon  
  19  2:18  Probe  
  19  2:35  Nexus  
  19  2:36  Probe  
  19  2:37  Stalker  
  20  2:47  Probe  
  23  2:54  Warp Gate  
  23  3:00  Assimilator  
  23  3:03  Probe  
  24  3:10  Pylon  
  24  3:18  Probe  
  25  3:20  Adept  
  27  3:30  Probe  
  27  3:34  Robotics Facility  
  28  3:40  Probe  
  28  3:44  Probe  
  28  3:45  Pylon  
  30  3:48  Probe  
  30  3:52  Probe  
  30  3:53  Sentry  
  33  3:59  Probe  
  33  4:02  Probe  
  36  4:11  Gateway  
  36  4:15  Probe x2  
  38  4:18  Immortal  
  38  4:31  Probe x2  
  44  4:40  Gateway  
  44  4:44  Gateway  
  44  4:47  Warp Prism  
  44  4:49  Gateway  
  46  5:04  Gateway  
  46  5:07  Sentry x2  
  46  5:11  Pylon  
  51  5:16  Assimilator  
  51  5:20  Pylon  
  50  5:28  Pylon  
  50  5:37  Zealot x2  
  50  5:38  Pylon, Zealot  
  50  5:41  Zealot  
  58  5:43  Zealot  
  58  6:05  Zealot x6  
  70  6:24  Stalker x2  
  66  6:25  Stalker x2  
  66  6:26  Stalker  
  66  6:30  Zealot  
  58  6:47  Zealot x2  
  58  6:48  Zealot  
  58  6:49  Zealot x2  
  58  7:06  Zealot x2  
  60  7:08  Zealot  
  60  7:10  Stalker x2  
  60  7:11  Zealot  
Tags
 
Add a new tag
Caveats
  • Supply blocks, unpowered buildings, or Contaminate may cause inaccurate times.
  • Supply counts are checked every 10 seconds.